 Dungeon Crawl Stone Soup version 0.31-a0-18-gea43df2a32 (webtiles) character file.

Game seed: 13959929453982391570

2216 Jeffwins the Caller (level 9, -5/56 HPs)
             Began as an Octopode Summoner on May 10, 2023.
             Was an Initiate of Gozag.
             Slain by a killer bee (6 damage)
             ... on level 7 of the Dungeon.
             The game lasted 00:19:40 (7683 turns).

Jeffwins the Caller (Octopode Summoner)             Turns: 7683, Time: 00:19:40

Health: -5/56      AC:  1    Str:  7    XL:     9   Next: 35%
Magic:  6/16       EV: 14    Int: 22    God:    Gozag
Gold:   687        SH:  0    Dex: 12    Spells: 6/17 levels left

rFire   . . .        k - +0 club (spect)
rCold   . . .        (no shield)
rNeg    . . .        (helmet restricted)
rPois   .            (no amulet)
rElec   .            (no ring)
rCorr   .            (no ring)
SInv    .            (no ring)
Will    .....        (no ring)
Stlth   ++++         (no ring)
HPRegen 0.29/turn    (no ring)
MPRegen 0.15/turn    (no ring)
                     (no ring)

%: no passive effects
@: lethally poisoned (-5 -> -15)
A: almost no armour, amphibious, 8 rings, camouflage 1, gelatinous body 1,
(nimble swimmer 1), tentacles
a: Renounce Religion, Potion Petition, Call Merchant, Bribe Branch


You were on level 7 of the Dungeon.
You worshipped Gozag.
Gozag was pleased with you.
You visited 2 branches of the dungeon, and saw 8 of its levels.

You collected 740 gold pieces.
You paid 53 gold pieces to Gozag.


Innate Abilities, Weirdness & Mutations

You cannot wear most types of armour.
You are amphibious.
You can wear up to eight rings at the same time.
Your skin changes colour to match your surroundings (Stealth+).
Your rubbery body absorbs attacks. (AC +1, EV +1)
((You are camouflaged when in or above water. (Stealth+)))
You have tentacles for arms and can constrict up to eight enemies at once.


   Skills:
 + Level 3.0 Fighting
 + Level 3.0 Throwing
 + Level 3.8 Dodging
 - Level 5.0 Stealth
 * Level 4.9 Spellcasting
 * Level 3.8 Conjurations
 * Level 6.5 Summonings
 * Level 3.5 Fire Magic
 * Level 3.5 Air Magic
 + Level 2.4 Evocations


You had 6 spell levels left.
You knew the following spells:

 Your Spells              Type           Power      Damage    Failure   Level
c - Call Canine Familiar  Summ           34%        N/A       2%          3
l - Summon Lightning Spi  Summ/Air       27%        N/A       13%         4
x - Call Imp              Summ           68%        N/A       1%          2
z - Foxfire               Conj/Fire      84%        2x1d8     2%          1
X - Summon Small Mammal   Summ           100%       N/A       1%          1

Your spell library contained the following spells:

 Spells                   Type           Power      Damage    Failure   Level
 Momentum Strike          Conj/Tloc      26%        3d8       7%          2
 Summon Guardian Golem    Hex/Summ       19%        N/A       9%          3
 Blink                    Tloc           10%        N/A       16%         2
 Lesser Beckoning         Tloc           10%        N/A       16%         2
 Portal Projectile        Hex/Tloc       10%        N/A       30%         3
 Fireball                 Conj/Fire      10%        3d6       52%         5
 Leda's Liquefaction      Hex/Erth       2%         N/A       71%         4
 Plasma Beam              Fire/Air       10%        2x1d23    98%         6
 Starburst                Conj/Fire      10%        6d5       98%         6

Inventory:

Hand Weapons
 b - a +0 spear
 f - a +0 whip of draining
 k - a +0 spectral club (weapon)
 n - a +1 flail of holy wrath
 w - a +2 dire flail of protection
 A - a +4 quarterstaff of chaos
 E - a +2 dagger of electrocution
 G - a +1 heavy halberd
 K - a +1 short sword of venom
Missiles
 i - 4 curare-tipped darts (quivered) {=f}
 u - 5 poisoned darts
 F - 2 throwing nets {=f}
Wands
 p - a wand of iceblast (2)
 z - a wand of flame (24)
 H - a wand of digging (6)
 J - a wand of polymorph (6)
Scrolls
 g - a scroll of teleportation {@r4}
 j - 6 scrolls of identify {unknown}
 l - a scroll of vulnerability {unknown}
 o - a scroll of noise {unknown}
 q - a scroll of enchant weapon {unknown}
 s - a scroll of poison {unknown}
 v - a scroll of fog {unknown}
 x - a scroll of enchant armour {unknown}
 y - a scroll of brand weapon {unknown}
 C - a scroll of fear {unknown}
 D - a scroll of immolation {unknown}
 I - a scroll of silence {unknown}
Potions
 a - 2 potions of magic
 c - 2 potions of attraction {unknown}
 d - 2 potions of haste {unknown}
 e - 2 potions of curing {@q1}
 h - a potion of degeneration {unknown}
 m - a potion of mutation {unknown}
 r - a potion of brilliance {unknown}
 t - 2 potions of might {unknown}
 B - a potion of flight {unknown}

Dungeon Overview and Level Annotations

Branches:
Dungeon (7/15)             Temple (1/1) D:4

Altars:
Ashenzari
Cheibriados
Dithmenos
Elyvilon
Fedhas
Gozag
Hepliaklqana
Kikubaaqudgha
Nemelex Xobeh
Okawaru
Qazlal
Ru
Sif Muna
Trog
Uskayaw
Vehumet
Xom
Yredelemnul
The Shining One

#.#(# ##########...
#.#.# # #### #
#.#.#.# #
.###.###.#.#.#
###### #
.............#
#....# #
#.:>$..#.### #.##.#
# #..#####.# #.##.#
# .....y...y.##
#.##.# # .###.y@..#
#.##.# #.....#
#.##.#### #<....#
#.##.....
#.....######.#######
#............#
##############


You could see 3 killer bees.


Message History

The mass of ice explodes!
The iceblast engulfs the troll!
You kill the troll!
You hear an angry buzzing noise.
Unknown command.
You start resting.
A killer bee comes into view.
The killer bee moves out of view.
A killer bee comes into view.
The killer bee moves out of view.
A killer bee comes into view.
The killer bee buzzes angrily.
You hear an angry buzzing noise.
A killer bee comes into view.
The killer bee moves out of view.
The killer bee closely misses you. The killer bee stings you!
* * * LOW HITPOINT WARNING * * *
You are lethally poisoned!
The killer bee poisons you!
Okay, then.
You feel better. The killer bee stings you.
* * * LOW HITPOINT WARNING * * *
You are lethally poisoned!
The killer bee poisons you! The killer bee completely misses you.
You feel better.
The killer bee stings you but does no damage.
The killer bee barely misses you. The killer bee stings you!
* * * LOW HITPOINT WARNING * * *
You are lethally poisoned!
The killer bee poisons you! The killer bee stings you.
You die...
Your body crumbles into a pile of gold.

Skill      XL: |  1  2  3  4  5  6  7  8  9 |
---------------+----------------------------+-----
Stealth        | 3 4 5 |  5.0
Fighting       | 1 2 3 |  3.0
Throwing       | 1 2 3 |  3.0
Spellcasting   | 3 4 |  4.9
Summonings     | 5 6 |  6.5
Dodging        | 3 |  3.8
Conjurations   | 1 2 3 |  3.8
Fire Magic     | 1 3 |  3.5
Air Magic      | 1 2 3 |  3.5
Evocations     | 1 2 |  2.4

Action                     |  1- 3 |  4- 6 |  7- 9 || total
---------------------------+-------+-------+-------++-------
  Melee: Spear             |    15 |       |       ||    15
         Unarmed           |     7 |       |       ||     7
         Constrict         |    10 |    42 |    35 ||    87
         Tentacles         |     5 |    35 |    51 ||    91
         Whip              |    16 |    55 |       ||    71
         Club              |       |    71 |   139 ||   210
         Punch             |       |     1 |     6 ||     7
  Throw: Dart              |       |     1 |     2 ||     3
   Cast: Summon Small Mamm |     5 |       |       ||     5
         Call Imp          |     3 |    11 |    26 ||    40
         Call Canine Famil |     1 |     9 |    35 ||    45
         Summon Lightning  |       |       |     3 ||     3
  Evoke: Wand              |       |       |     2 ||     2
    Use: Potion            |       |       |     4 ||     4
         Scroll            |       |       |     1 ||     1
   Stab: Sleeping          |     5 |    13 |    11 ||    29
         Distracted        |       |     2 |     5 ||     7
 Armour: Skin              |     5 |     4 |    12 ||    21
  Dodge: Dodged            |    32 |    73 |   127 ||   232

Levels and vault maps discovered:
D:1:      minmay_arrival_cross, layout_basic
D:2:      layout_loops_ring, uniq_jessica, uniq_robin
D:3:      kennysheep_slugbush, layout_basic, lemuel_zombie_altar_kikubaaqudgha,
          supply_closet_lemuel
D:4:      layout_cave_pods, lemuel_doored_altar, minmay_temple_entry_crystal_x,
          uniq_blork_the_orc, uniq_crazy_yiuf_cottage, uniq_edmund
D:5:      layout_cave_pools, kennysheep_generic_room_10, uniq_menkaure,
          uniq_eustachio
D:6:      layout_basic
D:7:      layout_loops_ring, marbit_many_paths, mainiacjoe_overflow_two_lobes,
          nrook_pool_corridor
Temple:   regret_index_temple_waves

Notes
Turn   | Place    | Note
-------+----------+-------------------------------------------
     0 | D:1      | Jeffwins the Octopode Summoner began the quest for the Orb.
     0 | D:1      | Reached XP level 1. HP: 11/11 MP: 3/3
   205 | D:1      | Reached XP level 2. HP: 17/17 MP: 5/5
   214 | D:1      | Learned a level 2 spell: Call Imp
   273 | D:1      | Reached skill level 3 in Stealth
   449 | D:1      | Reached XP level 3. HP: 22/22 MP: 6/6
   460 | D:1      | Learned a level 3 spell: Call Canine Familiar
   692 | D:2      | Reached XP level 4. HP: 27/27 MP: 2/7
   769 | D:2      | Reached skill level 1 in Fighting
   865 | D:2      | Noticed Jessica
   870 | D:2      | Killed Jessica
   931 | D:2      | Reached XP level 5. HP: 30/33 MP: 9/9
   996 | D:2      | Reached skill level 1 in Throwing
  1191 | D:2      | Noticed Robin
  1248 | D:2      | Killed Robin
  1249 | D:2      | Reached skill level 3 in Spellcasting
  1671 | D:3      | Reached skill level 5 in Summonings
  1760 | D:3      | Reached XP level 6. HP: 36/38 MP: 10/10
  1822 | D:3      | Learned a level 4 spell: Summon Lightning Spire
  1824 | D:3      | Learned a level 1 spell: Foxfire
  2378 | D:3      | Found an ancient bone altar of Kikubaaqudgha.
  2566 | D:4      | Reached skill level 4 in Stealth
  2663 | D:4      | Found a staircase to the Ecumenical Temple.
  2683 | Temple   | Entered the Ecumenical Temple
  2853 | Temple   | Became a worshipper of Gozag Ym Sagoz the Greedy
  2951 | D:4      | Noticed Edmund
  2992 | D:4      | Killed Edmund
  2993 | D:4      | Reached skill level 3 in Dodging
  2993 | D:4      | Reached skill level 1 in Conjurations
  2993 | D:4      | Reached skill level 1 in Fire Magic
  2993 | D:4      | Reached skill level 1 in Air Magic
  2993 | D:4      | Reached XP level 7. HP: 39/44 MP: 6/12
  3042 | D:4      | Found a shimmering blue altar of Sif Muna.
  3138 | D:4      | Reached skill level 2 in Fighting
  3343 | D:4      | Noticed Blork the orc
  3368 | D:4      | Killed Blork the orc
  3561 | D:4      | Found a runed translucent door.
  3562 | D:4      | Noticed Crazy Yiuf
  3919 | D:4      | Killed Crazy Yiuf
  4018 | D:5      | Entered Level 5 of the Dungeon
  4030 | D:5      | Noticed Eustachio
  4055 | D:5      | Killed Eustachio
  4056 | D:5      | Reached skill level 2 in Throwing
  4056 | D:5      | Reached skill level 1 in Evocations
  4252 | D:5      | Reached skill level 2 in Air Magic
  4410 | D:5      | Reached skill level 2 in Conjurations
  4410 | D:5      | Reached XP level 8. HP: 51/51 MP: 7/13
  4423 | D:5      | Reached skill level 2 in Fire Magic
  4472 | D:5      | Noticed Menkaure
  4480 | D:5      | Killed Menkaure
  4481 | D:5      | Reached skill level 4 in Spellcasting
  5828 | D:6      | Reached skill level 6 in Summonings
  5895 | D:6      | Reached skill level 3 in Conjurations
  6244 | D:6      | Reached skill level 5 in Stealth
  6244 | D:6      | Reached skill level 3 in Air Magic
  6659 | D:7      | Reached skill level 3 in Fire Magic
  6659 | D:7      | Reached skill level 2 in Evocations
  6659 | D:7      | Reached XP level 9. HP: 47/55 MP: 10/15
  6860 | D:7      | Found a sacrificial altar of Ru.
  6925 | D:7      | Found a white marble altar of Elyvilon.
  7325 | D:7      | HP: 4/55 [killer bee (3)]
  7513 | D:7      | Reached skill level 3 in Fighting
  7513 | D:7      | Reached skill level 3 in Throwing
  7623 | D:7      | Noticed a troll
  7649 | D:7      | HP: 3/56 [troll (3)]
  7651 | D:7      | Killed a troll
  7681 | D:7      | HP: 4/56 [killer bee (8)]
  7683 | D:7      | HP: 1/56 [killer bee (10)]
  7683 | D:7      | Slain by a killer bee

Vanquished Creatures
  A troll (D:7)
  Menkaure (D:5)
  Edmund (D:4)
  2 black bears
  An ice beast (D:6)
  A phantom (D:5)
  Blork the orc (D:4)
  A scorpion (D:7)
  An electric eel (D:7)
  A hound (D:5)
  Crazy Yiuf (D:4)
  Jessica (D:2)
  2 iguanas (D:7)
  An orc wizard (D:6)
  8 gnolls
  10 adders
  A shadow imp (D:5)
  2 white imps
  2 worms (D:3)
  12 dart slugs
  7 orcs
  A bat zombie (D:3)
  2 endoplasms
  2 giant cockroaches
  3 goblins
  4 hobgoblins
  4 jackals (D:3)
  2 kobolds
  8 quokkas
  4 ball pythons
  6 bats
  A frilled lizard (D:2)
  5 rats
  4 rat zombies (D:3)
104 creatures vanquished.

Vanquished Creatures (collateral kills)
  Eustachio (D:5)
  2 sky beasts
  A centaur (D:7)
  A killer bee (D:7)
  3 jellies (D:6)
  A gnoll bouda (D:6)
  2 iguanas
  Robin (D:2)
  9 gnolls
  6 adders
  8 orcs
  A ball python (D:2)
  8 goblins (D:2)
  3 hobgoblins
  2 quokkas
49 creatures vanquished.

Vanquished Creatures (others)
  An orc wizard (D:6)
  A spectral weapon (D:6)
2 creatures vanquished.

Grand Total: 155 creatures vanquished

Table legend: (Time is in decaauts)
 A = Elapsed time spent in this place.
 B = Non-inter-level travel time spent in this place.
 C = Inter-level travel time spent in this place.
 D = Time resting spent in this place.
 E = Time spent auto-exploring this place.
 F = Levels seen in this place.
 G = Mean time per level.
                   A        B        C        D        E       F      G
               +--------+--------+--------+--------+--------+-----+--------+
         Total |   7753 |   7500 |    253 |    394 |   5576 |   8 |  969.1 |
       Dungeon |   7536 |   7363 |    173 |    394 |   5453 |   7 | 1076.6 |
        Temple |    217 |    137 |     80 |      0 |    123 |   1 |  217.0 |
               +--------+--------+--------+--------+--------+-----+--------+

Top non-repeatable levels by time:
     D:6: 1524 daAuts
     D:4: 1258 daAuts
     D:5: 1137 daAuts
     D:7: 1040 daAuts
     D:2: 1031 daAuts
     D:3: 922 daAuts
     D:1: 621 daAuts
  Temple: 217 daAuts

Table legend:
 A = Non-vault XP
 B = Vault XP
 C = Vault XP percentage of total XP
 D = Non-vault monster count
 E = Vault monster count
 F = Vault count percentage of total count
                 A         B        C        D         E       F
            +---------+---------+-------+---------+---------+-------
      Total |    2374 |     793 |  25.0 |     121 |      33 |  21.4
            +---------+---------+-------+---------+---------+-------
        D:1 |      41 |       0 |   0.0 |      17 |       0 |   0.0
        D:2 |     136 |      71 |  34.3 |      23 |      12 |  34.3
        D:3 |     138 |      46 |  25.0 |      24 |      15 |  38.5
        D:4 |      74 |     303 |  80.4 |       7 |       3 |  30.0
        D:5 |     298 |     373 |  55.6 |      17 |       3 |  15.0
        D:6 |     756 |       0 |   0.0 |      22 |       0 |   0.0
        D:7 |     931 |       0 |   0.0 |      11 |       0 |   0.0
            +---------+---------+-------+---------+---------+-------
